 Dungeon Crawl Stone Soup version 0.30-a0-738-g116ff8c4af (webtiles) character file.

Game seed: 483242088526739908

49 Dordric the Trooper (level 3, 0/61 HPs)
             Began as an Ogre Berserker on Feb 3, 2023.
             Was a Believer of Trog.
             Slain by a gnoll
             ... wielding a +0 halberd
              (7 damage)
             ... on level 2 of the Dungeon on Feb 7, 2023.
             The game lasted 00:01:48 (1047 turns).

Dordric the Trooper (Ogre Berserker)                Turns: 1047, Time: 00:01:48

Health: 0/61       AC:  3    Str: 23    XL:     3   Next: 75%
Magic:  3/3        EV: 10    Int:  8    God:    Trog [**....]
Gold:   168        SH:  0    Dex:  8    Spells: 2/2 levels left

rFire   . . .      SeeInvis .    a - +0 mace
rCold   . . .      Faith    .    (no shield)
rNeg    . . .      Spirit   .    b - +0 animal skin
rPois   .          Reflect  .    (helmet restricted)
rElec   .          Harm     .    (no cloak)
rCorr   .          Rampage  .    (gloves unavailable)
Will    .....                    (boots unavailable) Stlth
                                 (no amulet)
HPRegen 0.30/turn                (no ring)
MPRegen 0.08/turn                (no ring)

@: berserking, very quick
A: large, unfitting armour, tough skin 1
a: Renounce Religion, Berserk, Trog's Hand


You were on level 2 of the Dungeon.
You worshipped Trog.
Trog was pleased with you.
You visited 1 branch of the dungeon, and saw 2 of its levels.

You collected 168 gold pieces.

Inventory:

Hand Weapons
 a - a +0 mace (weapon)
Armour
 b - a +0 animal skin (worn)
Scrolls
 d - a scroll of noise {unknown}
 e - a scroll of fog {unknown}
 f - 2 scrolls of teleportation {unknown}
 g - 3 scrolls of torment {unknown}
 h - a scroll of fear {unknown}
 i - 4 scrolls of identify {unknown}
Potions
 c - a potion of attraction {unknown}
 j - a potion of berserk rage {unknown}
 k - a potion of curing {unknown}


   Skills:
 + Level 4.8 Fighting
 + Level 3.7 Maces & Flails
 - Level 2.6 Dodging


You had 2 spell levels left.
You didn't know any spells.
Your spell library was empty.

Dungeon Overview and Level Annotations

Branches:
Dungeon (2/15)

Altars:


Innate Abilities, Weirdness & Mutations

You are too large for most types of armour.
You have tough skin. (AC +1)


Message History

You are too injured to fight recklessly!
You are too injured to fight recklessly!
You are too injured to fight recklessly!
A red film seems to cover your vision as you go berserk!
You feel yourself moving faster!
You feel mighty!
The gnoll hits you from afar with a +0 spear.
The gnoll hits you with a +0 spear.
* * * LOW HITPOINT WARNING * * *
The gnoll barely misses you.
You are too injured to fight recklessly!
You are too injured to fight recklessly!
You are too injured to fight recklessly!
You are too injured to fight recklessly!
You are too injured to fight recklessly!
You are too injured to fight recklessly!
You are too injured to fight recklessly!
You are too injured to fight recklessly!
You are too injured to fight recklessly!
You are too injured to fight recklessly!
You are too injured to fight recklessly!
You are too injured to fight recklessly!
You are too injured to fight recklessly!
You are too injured to fight recklessly!
You are too injured to fight recklessly!
You closely miss the gnoll. You sock the gnoll!
The gnoll is almost dead.
The gnoll hits you from afar with a +0 spear!
* * * LOW HITPOINT WARNING * * *
The gnoll closely misses you. x2
You sock the gnoll!
You kill the gnoll!
Trog accepts your kill. The gnoll barely misses you. x2
You hit the gnoll.
The gnoll is heavily wounded.
The gnoll hits you from afar with a +0 spear.
* * * LOW HITPOINT WARNING * * *
The gnoll hits you from afar with a +0 halberd!
You die... ####..#.### #.........# #.# #.###.###.# #.# #. #.# ##.## #.###.## ##...## #......# ..... #####..# gg.

#..# #g#
######..#####@######.
.....................
#############[######.
#.# #.# #.# #.# #.#
..#


You could see 3 gnolls.

Vanquished Creatures
  2 gnolls
  A dart slug (D:1)
  An endoplasm (D:1)
  A giant cockroach (D:1)
  6 goblins
  A hobgoblin (D:1)
  A quokka (D:2)
  4 ball pythons
  4 bats
  5 frilled lizards (D:1)
  3 kobolds (D:1)
29 creatures vanquished.

Notes
Turn   | Place    | Note
-------+----------+-------------------------------------------
     0 | D:1      | Dordric the Ogre Berserker began the quest for the Orb.
     0 | D:1      | Reached XP level 1. HP: 24/24 MP: 1/1
   106 | D:1      | Reached XP level 2. HP: 32/32 MP: 2/2
   195 | D:1      | HP: 1/32 [gnoll/+0 spear (7)]
   356 | D:1      | Reached XP level 3. HP: 36/40 MP: 3/3
   790 | D:2      | Reached ** piety under Trog
  1047 | D:2      | Slain by a gnoll

Illustrated notes

Levels and vault maps discovered:
D:1:      minmay_arrival_hallway, layout_basic, minmay_domino_4
D:2:      layout_loops_corners

Skill      XL: |  1 |
---------------+----+-----
Maces & Flails | 3 |  3.7
Fighting       | |  4.8
Dodging        | |  2.6

Action                     || total
---------------------------++-------
  Melee: Mace              ||    90
 Invoke: Berserk           ||     1
 Armour: Animal skin       ||    34
  Dodge: Dodged            ||    69

Table legend: (Time is in decaauts)
 A = Elapsed time spent in this place.
 B = Non-inter-level travel time spent in this place.
 C = Inter-level travel time spent in this place.
 D = Time resting spent in this place.
 E = Time spent auto-exploring this place.
 F = Levels seen in this place.
 G = Mean time per level.
                   A        B        C        D        E       F      G
               +--------+--------+--------+--------+--------+-----+--------+
         Total |   1066 |   1043 |     23 |      0 |    841 |   2 |  533.0 |
       Dungeon |   1066 |   1043 |     23 |      0 |    841 |   2 |  533.0 |
               +--------+--------+--------+--------+--------+-----+--------+

Top non-repeatable levels by time:
     D:1: 746 daAuts
     D:2: 320 daAuts
